[ AOE2 MATCH · #463567734 ]
1v1 RMSpanish vs Bohemians
Player's team · LOSS
Rival team · WIN
[ REPLAY ANALYSIS · EXTRACTED FROM THE RECORDED GAME ]
Feudal
10:54
Castle
—
Imperial
—
| APM avg | 52.0 |
| APM peak | 96 |
| eAPM avg | 24.9 |
| Villagers / military | 49 / 18 |
Focus
⚔️ 15.4% · 🌾 84.6%
Scout Cavalry ×12 · Militia ×4 · Spearman ×2
Feudal
11:32
Castle
—
Imperial
—
| APM avg | 35.6 |
| APM peak | 62 |
| eAPM avg | 13.5 |
| Villagers / military | 45 / 15 |
Focus
⚔️ 25.7% · 🌾 74.3%
Archer ×15
Match map
Initial resources + every placement click. Lines = walls · curves = elevation contours. ◆ gold · ⬟ stone · ● berries · ✦ relic · ◌ wall gap
Your base· Open — unwalled flank
JulioCar's base· Open — unwalled flank
Smoothed initial terrain · ◌ = detected wall gap · hover for details
Inputs per minute
— Troblems - - JulioCar
Build order — Troblems
99 actions detected in the replay
| 0:00 | Create | Villager (Male) |
| 0:01 | Create | Villager (Male) |
| 0:02 | Build | House |
| 0:03 | Build | House |
| 0:23 | Create | Villager (Male) |
| 0:23 | Create | Villager (Male) |
| 1:35 | Create | Villager (Male) |
| 1:36 | Create | Villager (Male) |
| 2:03 | Create | Villager (Male) |
| 2:03 | Create | Villager (Male) |
| 2:15 | Build | Lumber Camp |
| 2:19 | Build | Lumber Camp |
| 2:26 | Create | Villager (Male) |
| 2:26 | Create | Villager (Male) |
| 2:48 | Build | House |
| 2:49 | Build | House |
| 2:55 | Create | Villager (Male) |
| 2:56 | Create | Villager (Male) |
| 2:56 | Create | Villager (Male) |
| 3:05 | Create | Villager (Male) |
| 3:05 | Create | Villager (Male) |
| 3:38 | Create | Villager (Male) |
| 3:39 | Create | Villager (Male) |
| 3:54 | Create | Villager (Male) |
| 3:55 | Create | Villager (Male) |
| 4:35 | Create | Villager (Male) |
| 4:35 | Create | Villager (Male) |
| 4:35 | Create | Villager (Male) |
| 5:11 | Create | Villager (Male) |
| 5:11 | Create | Villager (Male) |
| 5:11 | Create | Villager (Male) |
| 6:06 | Create | Villager (Male) |
| 6:09 | Create | Villager (Male) |
| 6:09 | Create | Villager (Male) |
| 6:09 | Create | Villager (Male) |
| 6:15 | Build | Mill |
| 7:04 | Create | Villager (Male) |
| 7:04 | Create | Villager (Male) |
| 7:45 | Create | Villager (Male) |
| 8:44 | Research | Feudal Age |
| 8:44 | Research | Feudal Age |
| 9:25 | Build | Barracks |
| 9:44 | Build | Mining Camp |
| 10:28 | Build | House |
| 10:29 | Build | House |
| 10:31 | Build | House |
| 10:33 | Build | House |
| 10:54 | Age | Feudal Age |
| 11:14 | Create | Spearman |
| 11:14 | Create | Spearman |
| 11:17 | Build | Stone Wall |
| 11:24 | Build | Palisade Gate |
| 11:26 | Build | House |
| 11:28 | Build | Palisade Wall |
| 12:00 | Build | Stone Wall |
| 12:01 | Build | Stone Wall |
| 12:02 | Create | Villager (Male) |
| 12:03 | Create | Villager (Male) |
| 12:03 | Create | Villager (Male) |
| 12:33 | Build | Farm |
| 13:00 | Build | Watch Tower |
| 13:11 | Build | Stone Wall |
| 13:23 | Build | Farm |
| 14:35 | Create | Villager (Male) |
| 14:35 | Create | Villager (Male) |
| 14:35 | Create | Villager (Male) |
| 14:35 | Create | Villager (Male) |
| 14:36 | Create | Villager (Male) |
| 14:36 | Create | Villager (Male) |
| 14:36 | Create | Villager (Male) |
| 14:36 | Create | Villager (Male) |
| 14:40 | Build | Stone Wall |
| 16:18 | Build | Watch Tower |
| 16:36 | Build | Farm |
| 16:50 | Build | Stone Wall |
| 16:56 | Build | Farm |
| 17:13 | Create | Militia |
| 17:13 | Create | Militia |
| 17:13 | Create | Militia |
| 17:16 | Research | Man-at-Arms (upgrade) |
| 17:16 | Create | Militia |
| 17:52 | Build | House |
| 17:54 | Build | House |
| 17:55 | Build | House |
| 17:57 | Build | House |
| 17:58 | Build | House |
| 18:21 | Create | Villager (Male) |
| 18:22 | Create | Villager (Male) |
| 18:22 | Create | Villager (Male) |
| 18:22 | Create | Villager (Male) |
| 18:51 | Build | Stable |
| 19:21 | Build | Watch Tower |
| 19:31 | Create | Scout Cavalry ×5 |
| 19:31 | Create | Scout Cavalry ×5 |
| 20:10 | Create | Villager (Male) |
| 20:10 | Create | Villager (Male) |
| 21:28 | Build | Farm |
| 21:55 | Create | Scout Cavalry |
| 21:55 | Create | Scout Cavalry |
Build order — JulioCar
101 actions detected in the replay
| 0:07 | Create | Villager (Male) |
| 0:07 | Create | Villager (Male) |
| 0:07 | Create | Villager (Male) |
| 0:08 | Create | Villager (Male) |
| 0:10 | Build | House |
| 0:13 | Build | House |
| 1:44 | Create | Villager (Male) |
| 1:44 | Create | Villager (Male) |
| 2:00 | Create | Villager (Male) |
| 2:00 | Create | Villager (Male) |
| 2:00 | Create | Villager (Male) |
| 2:28 | Create | Villager (Male) |
| 2:28 | Create | Villager (Male) |
| 2:29 | Create | Villager (Male) |
| 2:39 | Build | Lumber Camp |
| 3:02 | Create | Villager (Male) |
| 3:19 | Create | Villager (Male) |
| 3:19 | Create | Villager (Male) |
| 3:19 | Create | Villager (Male) |
| 4:07 | Research | Loom |
| 4:16 | Build | House |
| 4:29 | Create | Villager (Male) |
| 4:29 | Create | Villager (Male) |
| 4:29 | Create | Villager (Male) |
| 5:05 | Build | Mill |
| 5:08 | Create | Villager (Male) |
| 5:08 | Create | Villager (Male) |
| 6:07 | Create | Villager (Male) |
| 6:07 | Create | Villager (Male) |
| 6:33 | Create | Villager (Male) |
| 6:33 | Create | Villager (Male) |
| 7:11 | Create | Villager (Male) |
| 7:11 | Create | Villager (Male) |
| 8:37 | Build | House |
| 8:44 | Create | Villager (Male) |
| 8:44 | Create | Villager (Male) |
| 9:12 | Research | Feudal Age |
| 10:06 | Build | Barracks |
| 10:22 | Build | Palisade Wall |
| 11:24 | Build | Mining Camp |
| 11:32 | Age | Feudal Age |
| 11:58 | Build | Archery Range |
| 12:00 | Create | Villager (Male) |
| 12:02 | Create | Villager (Male) |
| 12:23 | Research | Double-Bit Axe |
| 12:28 | Create | Villager (Male) |
| 12:28 | Create | Villager (Male) |
| 12:40 | Build | Watch Tower |
| 12:48 | Create | Archer |
| 12:48 | Create | Archer |
| 12:52 | Build | House |
| 12:53 | Build | House |
| 12:58 | Build | Blacksmith |
| 13:07 | Research | Town Watch |
| 13:42 | Create | Villager (Male) |
| 13:44 | Create | Villager (Male) |
| 13:45 | Research | Fletching |
| 14:16 | Create | Villager (Male) |
| 14:16 | Create | Villager (Male) |
| 14:36 | Build | Farm |
| 14:38 | Build | Farm |
| 14:39 | Build | Farm |
| 14:42 | Build | Farm |
| 15:17 | Create | Villager (Male) |
| 15:17 | Create | Villager (Male) |
| 15:18 | Create | Villager (Male) |
| 15:22 | Create | Archer |
| 15:22 | Create | Archer |
| 15:25 | Research | Padded Archer Armor |
| 16:12 | Build | House |
| 16:19 | Create | Villager (Male) |
| 16:48 | Create | Archer |
| 16:51 | Create | Villager (Male) |
| 16:51 | Create | Villager (Male) |
| 17:03 | Build | Archery Range |
| 17:05 | Create | Archer |
| 17:06 | Create | Archer |
| 17:54 | Create | Archer |
| 17:54 | Create | Archer |
| 17:54 | Create | Archer |
| 17:55 | Create | Archer |
| 18:56 | Build | House |
| 19:08 | Build | House |
| 19:09 | Build | House |
| 19:10 | Build | House |
| 19:12 | Build | House |
| 19:15 | Research | Wheelbarrow |
| 20:51 | Build | Archery Range |
| 21:09 | Build | Farm |
| 21:10 | Build | Farm |
| 21:12 | Build | Farm |
| 21:14 | Build | Farm |
| 21:16 | Create | Villager (Male) |
| 21:16 | Create | Villager (Male) |
| 21:24 | Build | Farm |
| 21:25 | Build | Farm |
| 21:55 | Create | Archer |
| 21:55 | Create | Archer |
| 21:56 | Create | Archer |
| 21:56 | Create | Archer |
| 22:00 | Build | Stable |
Match timeline
| 9:25 | Troblems · first_building Barracks |
| 10:06 | JulioCar · first_building Barracks |
| 10:22 | JulioCar · wall_segment Palisade Wall x1 |
| 10:54 | Troblems · age_up feudal |
| 11:17 | Troblems · wall_segment Stone Wall x8 |
| 11:28 | Troblems · wall_segment Palisade Wall x1 |
| 11:32 | JulioCar · age_up feudal |
| 11:58 | JulioCar · first_building Archery Range |
| 12:00 | Troblems · wall_segment Stone Wall x1 |
| 12:01 | Troblems · wall_segment Stone Wall x1 |
| 13:11 | Troblems · wall_segment Stone Wall x8 |
| 14:40 | Troblems · wall_segment Stone Wall x11 |
| 16:50 | Troblems · wall_segment Stone Wall x12 |
| 18:51 | Troblems · first_building Stable |
| 22:00 | JulioCar · first_building Stable |
| 22:23 | Troblems · resign |
[ AI ANALYSIS · 1 CREDIT ]
What really happened in this match?
Wolo.gg analyzes every decision: build order, eco, micro, common mistakes by bracket. Personalized analysis on WhatsApp or Discord in 30 seconds.
Civ guide
Spanish
Map guide
Haboob
Perfil
Sir Tificate